 Dungeon Crawl Stone Soup version 0.21.0-25-ge575cb9 (webtiles) character file.

462 SkySaito the Gusty (level 7, 0/53 HPs)
             Began as a Human Air Elementalist on Jan 22, 2018.
             Slain by a gnoll
             ... wielding a +0 whip
              (5 damage)
             ... on level 3 of the Dungeon.
             The game lasted 00:44:30 (3054 turns).

SkySaito the Gusty (Human Air Elementalist)         Turns: 3054, Time: 00:44:32

Health: 0/53       AC:  3    Str:  6 (8)  XL:     7   Next: 28%
Magic:  6/14       EV: 14    Int: 14 (17) God:
Gold:   130        SH:  2    Dex: 13 (14) Spells: 9/16 levels left

rFire    + . .     SeeInvis .   l - +1 spear (venom)
rCold    + . .     Gourm    .   (no shield)
rNeg     . . .     Faith    .   g - +1 robe {rC+ rF+}
rPois    .         Spirit   .   (no helmet)
rElec    .         Reflect  +   (no cloak)
rCorr    .         Harm     .   (no gloves)
MR       .....                  (no boots)
Stlth    +++.......             v - +2 amulet of reflection
HPRegen  0.17/turn              (no ring)
MPRegen  0.14/turn              (no ring)

@: swift, quick
A: no striking features
a: no special abilities


You were on level 3 of the Dungeon.
You were hungry.

You visited 1 branch of the dungeon, and saw 3 of its levels.

You collected 130 gold pieces.

Inventory:

Hand Weapons
 d - a +0 spear
 e - a +1 flail of holy wrath
 l - a +1 spear of venom (weapon)
 r - a +0 club
 s - a +0 hunting sling
Missiles
 o - 117 stones (quivered)
 p - 43 arrows
 q - 25 bolts
Armour
 a - a +0 robe
 g - a +1 robe of resistance (worn)
Jewellery
 v - a +2 amulet of reflection (around neck)
Scrolls
 f - 2 scrolls of remove curse
 i - a scroll of identify
Potions
 h - a potion of agility
Books
 b - a book of Air

   Spells                             Type                      Level
   a - Shock                          Conjuration/Air              1
   b - Swiftness                      Charms/Air                   2
   c - Static Discharge               Conjuration/Air              3
   d - Airstrike                      Air                          4
   e - Lightning Bolt                 Conjuration/Air              5
Comestibles
 c - 5 rations
 n - 2 chunks of flesh


   Skills:
 + Level 3.7 Fighting
 + Level 4.1(4.8) Polearms
   Level 3.7(4.6) Staves
 + Level 4.9 Dodging
 + Level 4.8 Stealth
 + Level 3.7 Unarmed Combat
 + Level 5.1 Spellcasting
 + Level 4.4 Conjurations
 + Level 3.7 Charms
 + Level 5.7 Air Magic


You had 9 spell levels left.
You knew the following spells:

 Your Spells              Type           Power        Failure   Level  Hunger
a - Shock                 Conj/Air       ###.         1%          1    None
b - Swiftness             Chrm/Air       ###.....     3%          2    ##.....
c - Airstrike             Air            ###.......   16%         4    ####...


Dungeon Overview and Level Annotations

Branches:
Dungeon (3/15)

Altars:
Ru
Vehumet
Wu Jian

Annotations:
D:3 Ratty's ghost, amateur GnAr; Robin; Sigmund


Message History

The kobold throws a stone.
The stone closely misses you.
Okay, then.
It was a potion of curing.
You feel better.
You are feeling hungry.
It was a potion of cancellation.
You feel magically purged.
Your magical contamination has completely faded away.
It was a potion of degeneration.
There was something very wrong with that liquid.
You feel weakened.
You feel dopey.
You feel clumsy.
Casting: Shock
Confirm with . or Enter, or press ? or * to list all spells.
You feel quick.
The gnoll shouts!
You hear a shout! x2
The gnoll completely misses you.
You hear a shout!
A gnoll comes into view. It is wielding a spear.
The gnoll hits you with a whip!
* * * LOW HITPOINT WARNING * * *
The gnoll hits you with a whip.
You die...

#..§..........#
#.
#...§..........
#.
#...........##.
##
##..........#
#....###..##
#..gK.....#
#..(......#
#.(gg...#.#
###@##.## #.#
g. ..# ... ####
.. .


You could see a gnoll, 2 hobgoblins and a kobold.

Vanquished Creatures
  An orc wizard (D:3)
  Jessica (D:2)
  Terence (D:2)
  5 adders
  An ooze (D:3)
  3 worms
  2 dart slugs (D:2)
  2 leopard geckos (D:1)
  8 orcs
  6 giant cockroaches
  6 hobgoblins
  14 jackals
  A quokka (D:2)
  2 bats (D:2)
  3 frilled lizards
  15 goblins
  9 kobolds
  6 rats
86 creatures vanquished.

Vanquished Creatures (others)
  An ooze (D:3)
  A hobgoblin (D:3)
  A rat (D:3)
3 creatures vanquished.

Grand Total: 89 creatures vanquished

Notes
Turn   | Place    | Note
-------+----------+-------------------------------------------
     0 | D:1      | SkySaito the Human Air Elementalist began the quest for the Orb.
     0 | D:1      | Reached XP level 1. HP: 13/13 MP: 3/3
    83 | D:1      | Reached XP level 2. HP: 16/19 MP: 0/5
   145 | D:1      | Learned a level 2 spell: Swiftness
   558 | D:1      | Reached XP level 3. HP: 24/24 MP: 4/6
  1224 | D:2      | Reached XP level 4. HP: 28/30 MP: 2/8
  1235 | D:2      | Found an ornate altar of the Wu Jian Council.
  1376 | D:2      | Noticed Jessica
  1496 | D:2      | Killed Jessica
  1560 | D:2      | Noticed Terence
  1569 | D:2      | Killed Terence
  1569 | D:2      | Reached XP level 5. HP: 32/35 MP: 1/9
  1657 | D:2      | Found a sacrificial altar of Ru.
  1834 | D:2      | Reached skill level 1 in Polearms
  2122 | D:3      | Noticed Sigmund
  2563 | D:3      | Learned a level 4 spell: Airstrike
  2632 | D:3      | Noticed Ratty's ghost (amateur GnAr)
  2633 | D:3      | Noticed Robin
  2636 | D:2      | Reached XP level 6. HP: 38/41 MP: 8/11
  3038 | D:3      | Found a radiant altar of Vehumet.
  3045 | D:3      | HP: 2/41 [something (6)]
  3048 | D:3      | Reached skill level 5 in Spellcasting
  3048 | D:3      | Reached skill level 5 in Air Magic
  3048 | D:3      | Reached XP level 7. HP: 3/53 MP: 7/14
  3054 | D:3      | Slain by a gnoll

Skill      XL: |  1  2  3  4  5  6 |
---------------+-------------------+-----
Spellcasting   | 3 5 |  5.1
Polearms       | 1 4 |  4.1
Air Magic      | 4 5 |  5.7
Conjurations   | 2 4 |  4.4
Fighting       | 3 |  3.7
Staves         | 3 |  3.7
Dodging        | 4 |  4.9
Stealth        | 4 |  4.8
Unarmed Combat | 3 |  3.7
Charms         | 3 |  3.7

Action                   |  1- 3 |  4- 6 |  7- 9 || total
-------------------------+-------+-------+-------++-------
Melee: Spear             |    53 |    72 |       ||   125
Throw: Stone             |     3 |     4 |       ||     7
 Cast: Shock             |    42 |    88 |       ||   130
       Swiftness         |       |     1 |     1 ||     2
  Use: Scroll            |       |     6 |       ||     6
       Potion            |       |     1 |     3 ||     4
  Eat: Chunk             |     1 |     6 |       ||     7
Armor: Robe              |    11 |    15 |       ||    26
Dodge: Dodged            |    47 |    52 |     2 ||   101
Block: Other             |       |     1 |       ||     1
